[ PARTIDA AOE2 · #507135375 ]
UnrankedCoreanos vs Burmese
Equipo del jugador · VICT
Equipo rival · DERR
[ ANÁLISIS DE REPETICIÓN · EXTRAÍDO DE LA PARTIDA GRABADA ]
Feudal
11:32
Castillos
26:17
Imperial
—
| APM promedio | 80.8 |
| APM pico | 127 |
| eAPM promedio | 40.1 |
| Aldeanos / militares | 74 / 91 |
Foco
⚔️ 67.2% · 🌾 32.8%
Archer ×38 · Scout Cavalry ×22 · Skirmisher ×17 · Monk ×5 · Militia ×4 · Iron Pagoda ×4
Feudal
9:15
Castillos
24:55
Imperial
—
| APM promedio | 51.4 |
| APM pico | 98 |
| eAPM promedio | 24.8 |
| Aldeanos / militares | 73 / 61 |
Foco
⚔️ 37.5% · 🌾 62.5%
Knight ×22 · Skirmisher ×16 · Militia ×8 · Battle Elephant ×6 · Mangonel ×5 · Archer ×3
Mapa de la partida
Recursos iniciales + cada clic de construcción. Líneas = muros · curvas = relieve. ◆ oro · ⬟ piedra · ● bayas · ✦ reliquia · ◌ hueco del cierre
Tu base· ✓ Cerrada en 26:17 · 54t muro · 1 puerta(s)
Base de Phoebus Apollo· ✓ Cerrada en 24:55 · 42t muro · sin puerta
Terreno inicial suavizado · ◌ = hueco del cierre detectado · pasá el cursor para detalles
Inputs por minuto
— Learning - - Phoebus Apollo
Build order — Learning
Primeras 150 de 235 acciones detectadas
| 0:00 | Encolar | Villager (Male) ×4 |
| 0:00 | Encolar | Villager (Male) ×4 |
| 0:02 | Construir | House |
| 0:03 | Construir | House |
| 1:23 | Encolar | Villager (Male) |
| 1:51 | Encolar | Villager (Male) |
| 2:15 | Construir | Lumber Camp |
| 2:20 | Encolar | Villager (Male) |
| 2:38 | Encolar | Villager (Male) |
| 2:57 | Encolar | Villager (Male) |
| 3:29 | Encolar | Villager (Male) |
| 3:45 | Construir | House |
| 3:46 | Construir | House |
| 3:57 | Encolar | Villager (Male) |
| 4:35 | Encolar | Villager (Male) |
| 4:35 | Encolar | Villager (Male) |
| 5:06 | Encolar | Villager (Male) |
| 5:06 | Encolar | Villager (Male) |
| 5:16 | Encolar | Villager (Male) |
| 5:28 | Construir | Barracks |
| 6:19 | Encolar | Villager (Male) |
| 6:26 | Construir | Mill |
| 6:40 | Encolar | Militia |
| 6:40 | Encolar | Militia |
| 6:53 | Encolar | Villager (Male) |
| 6:54 | Encolar | Villager (Male) |
| 7:09 | Construir | House |
| 7:10 | Encolar | Militia |
| 7:22 | Encolar | Villager (Male) |
| 7:31 | Encolar | Villager (Male) |
| 7:34 | Construir | House |
| 7:38 | Encolar | Militia |
| 7:49 | Construir | Mill |
| 8:06 | Encolar | Villager (Male) |
| 8:16 | Encolar | Villager (Male) |
| 8:20 | Construir | House |
| 8:48 | Encolar | Villager (Male) |
| 8:54 | Construir | Palisade Wall |
| 9:22 | Investigar | Feudal Age |
| 9:28 | Construir | House |
| 9:29 | Construir | House |
| 10:52 | Encolar | Villager (Male) |
| 10:54 | Construir | Mining Camp |
| 11:32 | Edad | Edad Feudal |
| 11:35 | Investigar | Man-at-Arms (upgrade) |
| 11:39 | Encolar | Villager (Male) |
| 11:57 | Construir | Palisade Wall |
| 11:59 | Construir | Palisade Wall |
| 12:01 | Construir | Palisade Wall |
| 12:04 | Encolar | Villager (Male) |
| 12:24 | Encolar | Villager (Male) |
| 12:28 | Construir | Archery Range |
| 12:42 | Encolar | Villager (Male) |
| 12:45 | Investigar | Double-Bit Axe |
| 12:46 | Investigar | Horse Collar |
| 12:56 | Construir | Archery Range |
| 13:00 | Encolar | Villager (Male) |
| 13:06 | Encolar | Villager (Male) |
| 13:11 | Construir | Farm |
| 13:11 | Construir | Farm |
| 13:11 | Construir | Farm |
| 13:11 | Construir | Farm |
| 13:12 | Construir | Farm |
| 13:12 | Construir | Farm |
| 13:12 | Construir | Farm |
| 13:12 | Construir | Farm |
| 13:12 | Construir | Farm |
| 13:21 | Investigar | Loom |
| 13:21 | Encolar | Villager (Male) |
| 13:21 | Encolar | Villager (Male) |
| 13:27 | Construir | Palisade Wall |
| 13:32 | Construir | Palisade Wall |
| 13:33 | Construir | Palisade Wall |
| 13:36 | Construir | Palisade Wall |
| 13:38 | Encolar | Archer |
| 13:38 | Encolar | Archer |
| 13:42 | Construir | House |
| 13:49 | Encolar | Archer |
| 13:57 | Encolar | Villager (Male) |
| 14:00 | Construir | Farm |
| 14:01 | Encolar | Villager (Male) |
| 14:07 | Encolar | Skirmisher |
| 14:08 | Encolar | Skirmisher |
| 14:08 | Encolar | Skirmisher |
| 14:15 | Encolar | Villager (Male) |
| 14:30 | Encolar | Villager (Male) |
| 14:45 | Encolar | Villager (Male) |
| 15:03 | Encolar | Villager (Male) |
| 15:12 | Encolar | Villager (Male) |
| 15:20 | Construir | Blacksmith |
| 15:23 | Encolar | Skirmisher ×5 |
| 15:24 | Encolar | Skirmisher ×5 |
| 15:29 | Construir | House |
| 15:33 | Construir | Lumber Camp |
| 15:35 | Construir | Palisade Wall |
| 15:44 | Construir | House |
| 15:47 | Construir | Palisade Wall |
| 15:56 | Construir | Palisade Gate |
| 15:58 | Construir | Palisade Wall |
| 16:05 | Encolar | Archer |
| 16:06 | Encolar | Archer |
| 16:09 | Construir | Farm |
| 16:09 | Construir | Farm |
| 16:09 | Construir | Farm |
| 16:10 | Construir | Farm |
| 16:10 | Construir | Farm |
| 16:11 | Encolar | Villager (Male) |
| 16:32 | Encolar | Villager (Male) |
| 16:34 | Encolar | Skirmisher |
| 16:34 | Encolar | Skirmisher |
| 16:38 | Construir | Farm |
| 16:38 | Construir | Farm |
| 16:38 | Construir | Farm |
| 16:38 | Construir | Farm |
| 16:51 | Construir | Palisade Wall |
| 16:54 | Construir | Palisade Wall |
| 17:13 | Investigar | Fletching |
| 17:23 | Encolar | Villager (Male) |
| 17:24 | Encolar | Archer ×5 |
| 17:26 | Construir | Palisade Wall |
| 17:31 | Construir | Farm |
| 17:31 | Construir | Farm |
| 17:31 | Construir | Farm |
| 17:34 | Construir | House |
| 17:36 | Construir | House |
| 17:40 | Investigar | Town Watch |
| 17:52 | Encolar | Villager (Male) |
| 17:53 | Encolar | Archer |
| 17:54 | Encolar | Archer |
| 18:25 | Encolar | Archer |
| 18:25 | Encolar | Archer |
| 18:25 | Encolar | Archer |
| 18:46 | Encolar | Archer |
| 18:46 | Encolar | Archer |
| 19:11 | Encolar | Skirmisher |
| 19:12 | Encolar | Skirmisher |
| 19:48 | Encolar | Villager (Male) |
| 19:49 | Encolar | Villager (Male) |
| 19:50 | Encolar | Villager (Male) |
| 19:53 | Construir | Farm |
| 19:53 | Construir | Farm |
| 19:53 | Construir | Farm |
| 19:53 | Construir | Farm |
| 19:54 | Construir | Farm |
| 19:54 | Construir | Farm |
| 19:54 | Construir | Farm |
| 19:55 | Encolar | Villager (Male) |
| 20:22 | Encolar | Villager (Male) |
| 20:24 | Investigar | Gold Mining |
| 20:27 | Investigar | Wheelbarrow |
Build order — Phoebus Apollo
Primeras 150 de 240 acciones detectadas
| 0:00 | Encolar | Villager (Male) |
| 0:00 | Encolar | Villager (Male) |
| 0:01 | Encolar | Villager (Male) |
| 0:01 | Encolar | Villager (Male) |
| 0:01 | Encolar | Villager (Male) |
| 0:02 | Construir | House |
| 0:03 | Construir | House |
| 1:15 | Encolar | Villager (Male) |
| 1:16 | Encolar | Villager (Male) |
| 1:47 | Construir | Lumber Camp |
| 1:51 | Encolar | Villager (Male) |
| 2:20 | Encolar | Villager (Male) |
| 2:34 | Construir | House |
| 2:47 | Encolar | Villager (Male) |
| 3:09 | Encolar | Villager (Male) |
| 3:33 | Encolar | Villager (Male) |
| 3:33 | Encolar | Villager (Male) |
| 3:45 | Encolar | Villager (Male) |
| 3:46 | Encolar | Villager (Male) |
| 4:14 | Encolar | Villager (Male) |
| 4:29 | Encolar | Villager (Male) |
| 5:23 | Encolar | Villager (Male) |
| 5:25 | Encolar | Villager (Male) |
| 5:36 | Construir | Mill |
| 5:43 | Investigar | Loom |
| 6:26 | Encolar | Villager (Male) |
| 6:33 | Construir | Barracks |
| 6:57 | Investigar | Feudal Age |
| 7:08 | Construir | House |
| 7:35 | Encolar | Militia ×2 |
| 8:15 | Construir | Mining Camp |
| 8:35 | Construir | Palisade Wall |
| 8:36 | Construir | Palisade Wall |
| 8:46 | Encolar | Militia |
| 9:03 | Construir | Palisade Wall |
| 9:05 | Construir | Palisade Wall |
| 9:15 | Edad | Edad Feudal |
| 9:18 | Encolar | Villager (Male) |
| 9:23 | Construir | Palisade Wall |
| 9:31 | Encolar | Villager (Male) |
| 10:15 | Encolar | Villager (Male) |
| 10:16 | Investigar | Man-at-Arms (upgrade) |
| 10:17 | Construir | House |
| 10:19 | Construir | Archery Range |
| 10:27 | Construir | Palisade Wall |
| 10:28 | Construir | Palisade Wall |
| 10:38 | Construir | Archery Range |
| 10:42 | Encolar | Villager (Male) |
| 10:47 | Encolar | Militia |
| 10:50 | Encolar | Villager (Male) |
| 11:02 | Encolar | Villager (Male) |
| 11:11 | Construir | House |
| 11:14 | Construir | Farm |
| 11:15 | Encolar | Archer |
| 11:19 | Encolar | Militia |
| 11:36 | Construir | House |
| 11:47 | Encolar | Villager (Male) |
| 11:49 | Construir | House |
| 12:04 | Encolar | Villager (Male) |
| 12:08 | Construir | Farm |
| 12:12 | Encolar | Skirmisher |
| 12:13 | Encolar | Villager (Male) |
| 12:16 | Construir | Farm |
| 12:41 | Encolar | Archer |
| 12:46 | Construir | House |
| 13:02 | Construir | Farm |
| 13:03 | Construir | Farm |
| 13:06 | Construir | Farm |
| 13:07 | Construir | Farm |
| 13:11 | Construir | Farm |
| 13:18 | Encolar | Villager (Male) |
| 13:25 | Encolar | Archer |
| 13:34 | Encolar | Villager (Male) |
| 13:36 | Construir | House |
| 13:37 | Construir | Palisade Wall |
| 14:07 | Investigar | Arson |
| 14:13 | Encolar | Villager (Male) |
| 14:16 | Construir | Farm |
| 14:18 | Construir | Farm |
| 14:25 | Construir | House |
| 14:26 | Construir | Palisade Wall |
| 14:28 | Encolar | Skirmisher |
| 14:30 | Encolar | Villager (Male) |
| 14:54 | Encolar | Skirmisher |
| 15:01 | Encolar | Villager (Male) |
| 15:07 | Encolar | Skirmisher |
| 15:09 | Encolar | Villager (Male) |
| 15:22 | Construir | Blacksmith |
| 15:25 | Encolar | Skirmisher |
| 15:26 | Encolar | Militia |
| 15:26 | Encolar | Militia |
| 15:27 | Encolar | Villager (Male) |
| 15:35 | Construir | Palisade Wall |
| 15:37 | Construir | Palisade Wall |
| 15:42 | Construir | House |
| 15:43 | Construir | Palisade Wall |
| 15:50 | Encolar | Skirmisher |
| 15:50 | Encolar | Villager (Male) |
| 16:10 | Investigar | Fletching |
| 16:13 | Construir | Farm |
| 16:15 | Construir | Farm |
| 16:32 | Encolar | Villager (Male) |
| 16:34 | Construir | Farm |
| 16:37 | Construir | Farm |
| 16:39 | Construir | House |
| 16:48 | Investigar | Padded Archer Armor |
| 16:52 | Construir | Farm |
| 16:56 | Encolar | Skirmisher |
| 16:56 | Encolar | Skirmisher |
| 17:03 | Investigar | Town Watch |
| 17:13 | Encolar | Villager (Male) |
| 17:21 | Construir | Farm |
| 17:24 | Construir | House |
| 17:25 | Construir | Palisade Wall |
| 17:32 | Encolar | Villager (Male) |
| 17:32 | Encolar | Villager (Male) |
| 17:35 | Encolar | Skirmisher |
| 17:44 | Construir | Farm |
| 17:51 | Investigar | Scale Mail Armor |
| 17:59 | Encolar | Villager (Male) |
| 18:05 | Encolar | Militia |
| 18:30 | Encolar | Villager (Male) |
| 18:31 | Encolar | Villager (Male) |
| 18:41 | Encolar | Villager (Male) |
| 19:04 | Encolar | Villager (Male) |
| 19:04 | Encolar | Villager (Male) |
| 19:05 | Encolar | Skirmisher |
| 19:05 | Encolar | Skirmisher |
| 19:17 | Encolar | Skirmisher |
| 19:17 | Encolar | Skirmisher |
| 19:42 | Encolar | Skirmisher |
| 19:50 | Construir | Market |
| 19:52 | Construir | Farm |
| 19:52 | Construir | Farm |
| 19:52 | Construir | Farm |
| 19:52 | Construir | Farm |
| 19:53 | Encolar | Villager (Male) |
| 19:53 | Encolar | Villager (Male) |
| 20:11 | Encolar | Villager (Male) |
| 20:20 | Construir | House |
| 20:21 | Construir | House |
| 20:29 | Encolar | Villager (Male) |
| 20:30 | Construir | Farm |
| 20:37 | Investigar | Horse Collar |
| 20:37 | Investigar | Horse Collar |
| 20:53 | Investigar | Wheelbarrow |
| 21:06 | Construir | Farm |
| 21:08 | Construir | House |
| 21:13 | Encolar | Skirmisher |
| 21:13 | Encolar | Skirmisher |
Cronología de la partida
| 5:28 | Learning · first_building Barracks |
| 6:33 | Phoebus Apollo · first_building Barracks |
| 8:35 | Phoebus Apollo · wall_segment Palisade Wall x1 |
| 8:36 | Phoebus Apollo · wall_segment Palisade Wall x1 |
| 8:54 | Learning · wall_segment Palisade Wall x3 |
| 9:03 | Phoebus Apollo · wall_segment Palisade Wall x1 |
| 9:05 | Phoebus Apollo · wall_segment Palisade Wall x1 |
| 9:15 | Phoebus Apollo · age_up feudal |
| 9:23 | Phoebus Apollo · wall_segment Palisade Wall x1 |
| 10:19 | Phoebus Apollo · first_building Archery Range |
| 10:27 | Phoebus Apollo · wall_segment Palisade Wall x1 |
| 10:28 | Phoebus Apollo · wall_segment Palisade Wall x1 |
| 11:32 | Learning · age_up feudal |
| 11:57 | Learning · wall_segment Palisade Wall x1 |
| 11:59 | Learning · wall_segment Palisade Wall x1 |
| 12:01 | Learning · wall_segment Palisade Wall x1 |
| 12:28 | Learning · first_building Archery Range |
| 13:27 | Learning · wall_segment Palisade Wall x5 |
| 13:32 | Learning · wall_segment Palisade Wall x4 |
| 13:33 | Learning · wall_segment Palisade Wall x9 |
| 13:36 | Learning · wall_segment Palisade Wall x1 |
| 13:37 | Phoebus Apollo · wall_segment Palisade Wall x7 |
| 14:26 | Phoebus Apollo · wall_segment Palisade Wall x6 |
| 15:35 | Phoebus Apollo · wall_segment Palisade Wall x1 |
| 15:35 | Learning · wall_segment Palisade Wall x7 |
| 15:37 | Phoebus Apollo · wall_segment Palisade Wall x2 |
| 15:43 | Phoebus Apollo · wall_segment Palisade Wall x8 |
| 15:47 | Learning · wall_segment Palisade Wall x16 |
| 15:58 | Learning · wall_segment Palisade Wall x1 |
| 16:51 | Learning · wall_segment Palisade Wall x6 |
| 16:54 | Learning · wall_segment Palisade Wall x6 |
| 17:25 | Phoebus Apollo · wall_segment Palisade Wall x11 |
| 17:26 | Learning · wall_segment Palisade Wall x5 |
| 20:36 | Learning · first_building Stable |
| 21:54 | Phoebus Apollo · first_market_buy 100 food |
| 23:11 | Phoebus Apollo · first_market_sell 500 food |
| 23:18 | Phoebus Apollo · first_building Stable |
| 24:50 | Learning · wall_segment Palisade Wall x1 |
| 24:55 | Phoebus Apollo · age_up castle |
| 25:24 | Learning · wall_segment Palisade Wall x1 |
| 26:17 | Learning · age_up castle |
| 27:05 | Learning · first_building Siege Workshop |
| 27:06 | Phoebus Apollo · first_building Siege Workshop |
| 27:13 | Learning · first_building Monastery |
| 27:58 | Learning · first_market_sell 100 food |
| 29:43 | Phoebus Apollo · first_building Monastery |
| 31:00 | Phoebus Apollo · resign |
[ ANÁLISIS IA · 1 CRÉDITO ]
¿Qué pasó realmente en esta partida?
Wolo.gg analiza cada decisión: build order, eco, micro, errores típicos por bracket. Análisis personalizado por WhatsApp o Discord en 30 segundos.
Guía civ
Coreanos
Perfil
Jugador #4521457